 Dungeon Crawl Stone Soup version 0.13.1-2-gfb2c2b7 (webtiles) character file.

14082 Lilouch the Arsonist (level 12, -6/89 HPs)
             Began as a Hill Orc Fire Elementalist on Dec 4, 2013.
             Was an Elder of Beogh.
             Shot with a bolt by an orc knight (31 damage)
             ... on Level 3 of the Orcish Mines.
             The game lasted 02:48:23 (19288 turns).

Lilouch the Arsonist (Hill Orc Fire Elementalist)  Turns: 19288, Time: 02:48:24

HP  -6/89        AC  7     Str 12      XL: 12   Next:  1%
MP  12/25        EV 14     Int 19      God: Beogh [****..]
Gold 1107        SH 21     Dex 11      Spells:  5 memorised,  8 levels left

Res.Fire  : . . .   See Invis. : .   E - +4,+0 elf short sword (venom)
Res.Cold  : . . .   Warding    : .   D - +1 orc robe {MR+}
Life Prot.: . . .   Conserve   : .   Y - +1 shield
Res.Poison: +       Res.Corr.  : .   (no helmet)
Res.Elec. : .       Clarity    : +   (no cloak)
Sust.Abil.: . .     Spirit.Shd : .   w - +2 pair of gloves
Res.Mut.  : .       Stasis     : .   l - +0 pair of boots
Res.Rott. : .       Flight     : .   I - amulet of clarity
Saprovore : + . .                    q - ring of poison resistance
                                     Z - +4 ring of evasion

@: quite resistant to hostile enchantments, fairly stealthy
A: saprovore 1
a: Smiting, Recall Orcish Followers, Renounce Religion


You were on level 3 of the Orcish Mines.
You worshipped Beogh.
Beogh was greatly pleased with you.
You were not hungry.

You visited 4 branches of the dungeon, and saw 15 of its levels.

You collected 1113 gold pieces.
You spent 26 gold pieces at shops.

Inventory:

Hand weapons
 j - a +0,+1 orcish hand axe of freezing
 k - a +0,+0 sling
 n - a +2,+1 sabre of holy wrath
 A - a -1,+0 orcish falchion of holy wrath
 E - a +4,+0 elven short sword of venom (weapon)
 F - a -1,+3 orcish mace
 N - a +2,+0 elven longbow
 W - a +2,+0 whip of electrocution
Missiles
 e - 21 darts of frost (quivered)
 o - 13 exploding sling bullets
 p - 11 poisoned needles
 u - 39 sling bullets
 P - 12 arrows of dispersal
Armour
 a - a +2 robe of positive energy
 g - a +0 troll hide
 l - a +0 pair of boots (worn)
 s - a cursed -1 orcish ring mail
 w - a +2 pair of gloves (worn)
 x - a +0 orcish robe of resistance
 D - a +1 orcish robe of magic resistance (worn)
 Q - a +2 orcish leather armour of fire resistance
 Y - a +1 shield (worn)
Magical devices
 b - a wand of lightning (5)
 f - a wand of digging (18) {unknown}
 h - a wand of fire (0)
 i - a wand of paralysis (9)
 t - a wand of paralysis (2)
 J - a wand of polymorph (15)
 O - a wand of confusion (15)
Comestibles
 c - 6 meat rations
 G - an apple
 H - 2 chokos
 R - 2 chunks of hobgoblin flesh
Scrolls
 m - 5 scrolls of magic mapping
 r - a scroll of fog
 v - 3 scrolls of remove curse
 y - 2 scrolls of identify
 z - 2 scrolls of blinking
 C - 6 scrolls of teleportation
Jewellery
 q - a ring of poison resistance (right hand)
 I - an amulet of clarity (around neck)
 K - an uncursed amulet of rage {unknown}
 Z - a +4 ring of evasion (left hand)
Potions
 d - a potion of might
 B - a potion of confusion {unknown}
 L - 2 potions of curing
Books
 M - a book of Debilitation

   Spells                             Type                      Level
   Corona                             Hexes                        1
   Slow                               Hexes                        2
   Inner Flame                        Hexes/Fire                   3
   Enslavement                        Hexes                        4
   Cause Fear                         Hexes                        4
   Leda's Liquefaction                Hexes/Earth                  4


   Skills:
 + Level 5.2 Fighting
 - Level 1.5 Dodging
 - Level 1.5 Stealth
 - Level 7.0 Shields
 + Level 6.1 Spellcasting
 + Level 8.4 Conjurations
 + Level 12.1 Fire Magic
 - Level 5.1 Invocations
 - Level 5.5 Evocations


You had 8 spell levels left.
You knew the following spells:

 Your Spells              Type           Power        Failure   Level  Hunger
a - Flame Tongue          Conj/Fire      #####        1%          1    None
b - Sticky Flame          Conj/Fire      #####...     3%          4    ####...
c - Conjure Flame         Conj/Fire      #####...     1%          3    ##.....
d - Fireball              Conj/Fire      #####.....   12%         5    #####..
e - Throw Flame           Conj/Fire      #####.       1%          2    None


Dungeon Overview and Level Annotations

Branches:
Dungeon (9/27)             Temple (1/1) D:7             Orc (4/4) D:9
    Elf (0/3) Orc:4          Lair (1/8) D:8

Altars:
Ashenzari
Elyvilon
Fedhas
Nemelex Xobeh
Sif Muna
Vehumet
Xom
Zin
the Shining One
Beogh

Shops:
D:6 [   D:9 *[+%(   Orc:3 ?   Orc:4 +(

Annotations:
D:3 Sigmund
D:5 exclusion: statue


Innate Abilities, Weirdness & Mutations

You can tolerate rotten meat.


Message History

Something hits your orc!
Your orc dies!
Your orc wizard misses the orc knight.
Your orc hits the orc warrior but does no damage.
Your orc barely misses the orc knight.
Your orc warrior throws an orcish spear.
The orcish spear hits the orc warrior.
The orc warrior dies!
Beogh accepts your collateral kill.
Your orc warrior looks more experienced.
Casting: Flame Tongue
Confirm with . or Enter, or press ? or * to list all spells.
Aiming: Flame Tongue
Press: ? - help, Shift-Dir - straight line, f/p - orc knight
Aim: an orc knight, wielding an orcish crossbow and wearing an orcish chain mail (moderately wounded) Really fire in your orc's direction?
Okay, then.
Okay, then.
The orc knight shoots a bolt.
The bolt hits you!
You die...

##.## ##.##..#..... ##...#
#..........#. #....##
###........... ###)...#
##.##)...##....
#####.....######............#.
##.##<....###.##..o.........###
#...##.#...#....ooo...)....## #
##....####.))..)%o).∩[)).#...# #
##...........><.@.)).[#..#)..##
#.................))..).).....#
##.#####.......)..)^)....#....##
### ###..........#.#.#......#
##....).....####...#.##
##.......#.## #.....##
##........### ##....#
##..........#####....##
#..........###.###.###


You could see an orc knight, a friendly orc warrior, 2 friendly orc wizards and
a friendly orc.

Vanquished Creatures
  Josephine (Orc:4)
  A hydra (Lair:1)
  Erica (Lair:1)
  An orc sorcerer (Orc:2)
  A black mamba (Lair:1)
  An elephant (D:8)
  A spiny frog (Lair:1)
  A feature mimic (D:9)
  2 komodo dragons (Lair:1)
  A troll (D:9)
  A basilisk (Lair:1)
  A yak (D:8)
  Eustachio (D:6)
  2 hippogriffs
  A hungry ghost (D:9)
  A manticore (D:7)
  Menkaure (D:6)
  3 orc warriors
  A sky beast (D:6)
  A porcupine (Lair:1)
  2 ice beasts
  4 phantoms
  2 black bears (D:7)
  A rotting devil (Orc:2)
  3 centaurs
  3 ogres
  2 crocodiles
  2 water moccasins
  4 giant frogs
  An agate snail (D:8)
  11 killer bees (D:7)
  5 crimson imps
  A giant frog zombie (D:5)
  6 orc priests
  A goliath beetle (D:5)
  6 orc wizards
  A yellow wasp zombie (D:9)
  5 jellies
  3 worker ants
  A giant frog skeleton (D:6)
  5 hounds
  2 iguanas
  5 scorpions
  A quasit (D:9)
  2 halflings (D:2)
  A killer bee zombie (D:4)
  A sheep (D:8)
  Ijyb (D:5)
  An ogre skeleton (D:4)
  7 adders
  12 gnolls
  2 giant centipedes (Lair:1)
  An inept feature mimic (D:7)
  4 worms
  A giant eyeball (D:9)
  8 giant geckos
  An ooze (D:5)
  25 orcs
  12 bats
  A bat skeleton (D:5)
  A bat zombie (D:5)
  3 giant cockroaches
  15 goblins
  16 hobgoblins
  8 quokkas
  2 giant gecko skeletons
  A giant gecko zombie (D:7)
  5 giant newts
  A gnoll skeleton (D:4)
  12 jackals
  17 kobolds
  18 rats
  12 ballistomycetes (D:8)
  A plant (D:2)
293 creatures vanquished.

Vanquished Creatures (collateral kills)
  3 orc high priests (Orc:4)
  Nergalle (Orc:3)
  Erolcha (Orc:3)
  An orc sorcerer (Orc:3)
  An orange demon (Orc:3)
  An iron troll zombie (Orc:4)
  A blue devil (Orc:4)
  A boulder beetle (Orc:2)
  A deep elf fighter (D:9)
  10 orc warriors
  4 wargs
  14 orc priests
  12 orc wizards
  An adder (D:9)
  A giant eyeball (D:9)
  33 orcs
  3 goblins
  2 hobgoblins (Orc:2)
  2 goblin skeletons (Orc:4)
  8 orc zombies (Orc:4)
  A fungus (Orc:4)
102 creatures vanquished.

Vanquished Creatures (others)
  A minotaur (D:1)
  An orc knight (Orc:4)
  A spriggan (D:1)
  A troll (D:1)
  An octopode (D:1)
  6 orc warriors (Orc:4)
  A dwarf (D:1)
  An ogre (D:1)
  6 orc priests
  5 orc wizards
  A halfling (D:2)
  An ooze (D:3)
  62 orcs
  4 humans (D:1)
  A kobold (D:1)
  2 giant spores (D:8)
  A fungus (Lair:1)
  5 tentacles (D:1)
  12 tentacle segments (D:1)
113 creatures vanquished.

Grand Total: 508 creatures vanquished

Notes
Turn   | Place    | Note
--------------------------------------------------------------
     0 | D:1      | Lilouch, the Hill Orc Fire Elementalist, began the quest for the Orb.
     0 | D:1      | Reached XP level 1. HP: 14/14 MP: 3/3
     0 | D:1      | Noticed a dwarf
     0 | D:1      | Noticed a spriggan
     0 | D:1      | Noticed a minotaur
     0 | D:1      | Noticed an octopode
     0 | D:1      | Noticed a human
     0 | D:1      | Noticed a human
     0 | D:1      | Noticed a kraken
     0 | D:1      | Noticed an ogre
     0 | D:1      | Noticed a human
     0 | D:1      | Noticed a troll
     2 | D:1      | Killed an ogre
     5 | D:1      | Killed a troll
     5 | D:1      | Killed a human
     6 | D:1      | Killed an octopode
     7 | D:1      | Killed a human
    12 | D:1      | Killed a spriggan
    14 | D:1      | Killed a human
    14 | D:1      | Killed a minotaur
    16 | D:1      | Killed a dwarf
   200 | D:1      | Reached XP level 2. HP: 17/20 MP: 0/4
   723 | D:2      | Reached skill level 4 in Fire Magic
  1064 | D:2      | Reached XP level 3. HP: 26/26 MP: 2/5
  1887 | D:2      | Reached XP level 4. HP: 13/33 MP: 3/7
  2214 | D:3      | Learned a level 2 spell: Throw Flame
  2218 | D:3      | Learned a level 3 spell: Conjure Flame
  2336 | D:5      | Entered Level 5 of the Dungeon
  2634 | D:4      | Reached skill level 5 in Fire Magic
  2634 | D:4      | Reached XP level 5. HP: 21/38 MP: 0/9
  2816 | D:3      | Became a worshipper of Beogh the Brigand
  3007 | D:3      | Noticed Sigmund
  4388 | D:3      | Acquired Beogh's first power
  4487 | D:3      | Reached XP level 6. HP: 45/45 MP: 6/11
  4784 | D:5      | Found a radiant altar of Vehumet.
  4784 | D:5      | Noticed a frost-covered statue
  4944 | D:5      | Noticed Ijyb
  4985 | D:5      | Killed Ijyb
  5141 | D:5      | Reached skill level 6 in Fire Magic
  5504 | D:5      | Reached skill level 1 in Shields
  5667 | D:5      | Reached XP level 7. HP: 37/50 MP: 13/13
  5791 | D:5      | Noticed an ogre
  5797 | D:5      | Killed an ogre
  6131 | D:6      | Noticed Menkaure
  6140 | D:6      | Killed Menkaure
  6140 | D:6      | Reached skill level 7 in Fire Magic
  6656 | D:6      | Learned a level 4 spell: Sticky Flame
  6806 | D:6      | Reached XP level 8. HP: 21/57 MP: 3/14
  7002 | D:6      | Found a shattered altar of Ashenzari.
  7696 | D:6      | Reached skill level 5 in Shields
  7862 | D:6      | Found Dem Skits' Armour Shop.
  7864 | D:6      | Noticed Eustachio
  7888 | D:6      | Killed Eustachio
  7888 | D:6      | Reached skill level 8 in Fire Magic
  8607 | D:7      | Reached XP level 9. HP: 44/62 MP: 5/16
  8608 | D:7      | Reached skill level 5 in Conjurations
  8627 | D:7      | Reached skill level 9 in Fire Magic
  8740 | D:7      | Found a roughly hewn altar of Beogh.
  8781 | D:7      | Acquired Beogh's second power
  9275 | D:7      | Found a staircase to the Ecumenical Temple.
  9410 | D:7      | Reached skill level 1 in Invocations
  9414 | D:7      | Reached skill level 1 in Evocations
  9481 | Temple   | Entered the Ecumenical Temple
  9903 | D:7      | Reached skill level 10 in Fire Magic
 10141 | D:8      | Reached XP level 10. HP: 69/69 MP: 15/18
 10213 | D:8      | Found a sparkling altar of Nemelex Xobeh.
 10214 | D:8      | Found a deep blue altar of Sif Muna.
 10216 | D:8      | Found a shimmering altar of Xom.
 10260 | D:8      | Found a white marble altar of Elyvilon.
 10260 | D:8      | Found a blossoming altar of Fedhas.
 10260 | D:8      | Found a glowing silver altar of Zin.
 10282 | D:8      | Found a glowing golden altar of the Shining One.
 10349 | D:8      | Found a staircase to the Lair.
 10408 | D:8      | Noticed an elephant
 10427 | D:8      | Killed an elephant
 10616 | Lair:1   | Entered Level 1 of the Lair of Beasts
 10675 | Lair:1   | Learned a level 5 spell: Fireball
 10678 | Lair:1   | Learned a level 2 spell: Throw Flame
 10928 | Lair:1   | Acquired Beogh's third power
 11208 | Lair:1   | Noticed Erica
 11435 | Lair:1   | Killed Erica
 11435 | Lair:1   | Reached skill level 11 in Fire Magic
 11976 | Lair:1   | Reached skill level 5 in Invocations
 12399 | Lair:1   | Noticed a black mamba
 12417 | Lair:1   | Killed a black mamba
 12417 | Lair:1   | Reached skill level 1 in Fighting
 12700 | Lair:1   | Noticed a seven-headed hydra
 12712 | Lair:1   | Killed an eight-headed hydra
 12712 | Lair:1   | Reached XP level 11. HP: 18/78 MP: 4/22
 13455 | Lair:1   | Paralysed by you for 7 turns
 14293 | D:9      | Found Cla Xibb's Armour Shop.
 14411 | D:9      | Found Twip's Weapon Emporium.
 14436 | D:9      | Reached skill level 5 in Spellcasting
 14914 | D:9      | Found a staircase to the Orcish Mines.
 15240 | D:9      | Found Araixahe's General Store.
 15323 | D:9      | Paralysed by a giant eyeball for 3 turns
 15356 | D:9      | Found Guevit's Food Shop.
 15433 | D:9      | Paralysed by a giant eyeball for 4 turns
 15635 | D:9      | Found Taor's Book Boutique.
 15766 | Orc:1    | Entered Level 1 of the Orcish Mines
 15833 | Orc:1    | Gained Dorog as an ally
 15882 | Orc:1    | Acquired Beogh's fourth power
 16214 | Orc:2    | Your ally Dorog died
 17402 | Orc:3    | Found Kisog's Magic Scroll Shop.
 17435 | Orc:3    | Noticed Erolcha
 17442 | Orc:3    | Killed Erolcha
 17442 | Orc:3    | Reached skill level 5 in Evocations
 17481 | Orc:3    | Bought a scroll of curse armour for 26 gold pieces
 17770 | Orc:3    | Noticed Nergalle
 17774 | Orc:3    | Killed Nergalle
 18140 | Orc:4    | Entered Level 4 of the Orcish Mines
 18166 | Orc:4    | Noticed an orc high priest
 18167 | Orc:4    | Noticed an orc high priest
 18167 | Orc:4    | Noticed Josephine
 18168 | Orc:4    | Found Xougec's Antique Weapon Boutique.
 18173 | Orc:4    | Killed an orc high priest
 18173 | Orc:4    | Gained Argrim as an ally
 18174 | Orc:4    | Noticed a soul eater
 18585 | Orc:4    | Killed Josephine
 18588 | Orc:4    | Reached skill level 12 in Fire Magic
 18594 | Orc:4    | Killed an orc high priest
 18658 | Orc:4    | Found a staircase to the Elven Halls.
 18690 | Orc:4    | Noticed an orc high priest
 18690 | Orc:4    | Noticed an orc high priest
 18690 | Orc:4    | Noticed an orc knight
 18691 | Orc:4    | Noticed an orc warlord
 18691 | Orc:4    | Noticed an orc knight
 18691 | Orc:4    | Found Vitasobb's Book Shop.
 18695 | Orc:4    | Noticed a sun demon
 18696 | Orc:4    | Killed an orc high priest
 18696 | Orc:4    | Reached skill level 5 in Fighting
 18702 | Orc:4    | Your ally Argrim died
 19276 | Orc:3    | Noticed an orc knight
 19276 | Orc:3    | Reached XP level 12. HP: 61/89 MP: 21/25
 19288 | Orc:3    | Shot with a bolt by an orc knight

Action                   |  1- 3 |  4- 6 |  7- 9 | 10-12 || total
-------------------------+-------+-------+-------+-------++-------
Melee: Unarmed           |     3 |       |       |       ||     3
       Dagger            |    89 |    23 |   125 |       ||   237
       Short sword       |       |    76 |   251 |   363 ||   690
       Whip              |       |     4 |     3 |    63 ||    70
       Sabre             |       |       |    17 |    48 ||    65
 Fire: Sling             |    10 |   123 |    91 |       ||   224
Throw: Dagger            |       |       |     1 |       ||     1
 Cast: Flame Tongue      |    68 |    94 |   111 |    84 ||   357
       Conjure Flame     |       |    14 |    26 |    33 ||    73
       Throw Flame       |       |     1 |       |     1 ||     2
       Sticky Flame      |       |       |     4 |    28 ||    32
       Fireball          |       |       |       |     7 ||     7
Invok: Convert to Beogh  |       |     1 |       |       ||     1
       Smiting           |       |       |     1 |     8 ||     9
Evoke: Wand              |       |       |     4 |     3 ||     7
  Use: Scroll            |       |     6 |    11 |     5 ||    22
       Potion            |       |       |       |     2 ||     2
 Stab: Sleeping          |       |       |       |     3 ||     3
       Distracted        |       |       |       |     1 ||     1
